 Dungeon Crawl Stone Soup version 0.30-a0-389-g8d7d949f56 (webtiles) character file.

Game seed: 5517949921973589883

139218 experimilk the Stormcaller (level 16, -9/86 HPs)
             Began as a Pale Draconian Conjurer on Dec 3, 2022.
             Was the Champion of Vehumet.
             Killed from afar by Bai Suzhen (37 damage)
             ... with a torrent of water
             ... on level 3 of the Spider Nest.
             The game lasted 02:38:12 (47459 turns).

experimilk the Stormcaller (DrCj)                  Turns: 47459, Time: 02:38:14

Health: -9/86      AC: 22    Str: 10    XL:     16   Next: 73%
Magic:  21/35      EV: 12    Int: 29    God:    Vehumet [******]
Gold:   353        SH:  5    Dex: 16    Spells: 5/45 levels left

rFire   + . .      SeeInvis .    D - +7 dagger "Laheumi" {freeze, rElec rC+ rN+}
rCold   + + +      Faith    .    R - +0 buckler of Puumogh {Regen+ rCorr Dex+3}
rNeg    + . .      Spirit   .    (body armour unavailable)
rPois   .          Reflect  .    z - +2 hat {Int+3}
rElec   +          Harm     .    U - +1 cloak
rCorr   +          Rampage  .    O - +0 pair of fencer's gloves {Riposte Dex+3}
Will    ++...                    y - +3 pair of mountain boots {steadfast, rC+}
Stlth   ++........               V - amulet of magic regeneration
HPRegen 1.14/turn                t - +4 ring of protection
MPRegen 0.64/turn                C - ring "Yqurphig" {rF+ rC+ Will+ rCorr}

@: brilliant
A: breathe steam, AC +9, unfitting armour, cold-blooded, steam resistance, frail
2
a: Breathe Steam, Renounce Religion


You were on level 3 of the Spider Nest.
You worshipped Vehumet.
Vehumet was exalted by your worship.
You visited 5 branches of the dungeon, and saw 26 of its levels.

You collected 2605 gold pieces.
You spent 2252 gold pieces at shops.

Inventory:

Hand Weapons
 k - a +3 scimitar of flaming
 s - a +3 scimitar of freezing
 D - the +7 dagger "Laheumi" (weapon) {freeze, rElec rC+ rN+}
   (You found it on level 6 of the Dungeon)

   It freezes those it strikes, dealing additional cold damage.
   It can also slow down cold-blooded creatures.
   rC:        It protects you from cold.
   rElec:     It insulates you from electricity.
   rN:        It protects you from negative energy.
Armour
 y - the +3 pair of mountain boots (worn) {steadfast, rC+}
   (You acquired it on level 1 of the Lair of Beasts)

   It prevents involuntary movement, except for blinking, teleportation, or
   banishment.
   rC:        It protects you from cold.
 z - a +2 hat of intelligence (worn)
 O - the +0 pair of fencer's gloves (worn) {Riposte Dex+3}
   (You acquired it on level 1 of the Lair of Beasts)

   It allows the wearer to riposte with melee weapons, swiftly retaliating
   against missed or blocked melee attacks.
   Dex:       It affects your dexterity (+3).
 R - the +0 buckler of Puumogh (worn) {Regen+ rCorr Dex+3}
   (You acquired it on level 2 of the Orcish Mines)

   Dex:       It affects your dexterity (+3).
   Regen:     It increases your rate of health regeneration.
   rCorr:     It protects you from acid and corrosion.
 U - a +1 cloak (worn)
Jewellery
 t - a +4 ring of protection (left hand)
 C - the ring "Yqurphig" (right hand) {rF+ rC+ Will+ rCorr}
   (You bought it in a shop on level 2 of the Orcish Mines)

   [ring of protection from fire]

   rF:        It protects you from fire.
   rC:        It protects you from cold.
   rCorr:     It protects you from acid and corrosion.
   Will:      It increases your willpower.
 F - a ring of positive energy
 V - an amulet of magic regeneration (around neck)
Wands
 b - a wand of digging (8)
 h - a wand of mindburst (13)
 w - a wand of quicksilver (22)
 M - a wand of roots (9)
 P - a wand of polymorph (4)
 Q - a wand of paralysis (17)
Scrolls
 c - a scroll of poison
 i - a scroll of summoning
 m - 6 scrolls of butterflies
 n - 7 scrolls of teleportation
 o - a scroll of torment
 p - a scroll of fear
 q - 3 scrolls of blinking
 u - 4 scrolls of magic mapping
 H - 3 scrolls of enchant weapon
 T - a scroll of vulnerability
 W - 4 scrolls of immolation
Potions
 d - a potion of berserk rage
 e - 5 potions of mutation
 g - 2 potions of ambrosia
 j - 3 potions of flight
 l - 2 potions of haste
 r - 4 potions of attraction
 v - 2 potions of invisibility
 A - 4 potions of lignification
 B - a potion of cancellation
 G - 8 potions of curing
 I - a potion of resistance
 J - 3 potions of heal wounds
 L - 2 potions of brilliance
Miscellaneous
 f - a tin of tremorstones (1/2)


   Skills:
 - Level 1.1 Fighting
 - Level 3.0 Dodging
 - Level 1.7 Stealth
 - Level 3.0 Shields
 - Level 15.0 Spellcasting
 * Level 18.0 Conjurations
 - Level 3.0 Translocations
 + Level 20.3 Air Magic


You had 5 spell levels left.
You knew the following spells:

 Your Spells              Type           Power      Damage    Failure   Level
a - Lightning Bolt        Conj/Air       57%        1d80      1%          5
b - Magic Dart            Conj           100%       1d8       0%          1
c - Apportation           Tloc           100%       N/A       1%          1
d - Airstrike             Air            59%        2d(9-25)  0%          4
f - Arcjolt               Conj/Air       57%        1d67      1%          5
g - Freezing Cloud        Conj/Ice/Air   48%        6-21      1%          5
q - Passage of Golubria   Tloc           56%        N/A       9%          4
s - Summon Lightning Spi  Summ/Air       88%        N/A       1%          4
x - Iskenderun's Mystic   Conj/Tloc      89%        2d17      1%          4
z - Orb of Destruction    Conj           56%        9d14      1%          7

Your spell library contained the following spells:

 Spells                   Type           Power      Damage    Failure   Level
 Lee's Rapid Deconstruct  Erth           16%        3d10*     21%         5
 Searing Ray              Conj           100%       2d8       0%          2
 Static Discharge         Conj/Air       100%       2-7/arc   0%          2
 Foxfire                  Conj/Fire      100%       2x1d9     1%          1
 Dazzling Flash           Conj/Hex       100%       N/A       1%          3
 Hailstorm                Conj/Ice       84%        3d17      1%          3
 Vhi's Electric Charge    Tloc/Air       100%       N/A       1%          3
 Fulminant Prism          Conj/Hex       42%        3d19      1%          4
 Fireball                 Conj/Fire      42%        3d17      1%          5
 Silence                  Hex/Air        44%        N/A       1%          5
 Necrotise                Necr           100%       1d9       3%          1
 Summon Small Mammal      Summ           100%       N/A       3%          1
 Portal Projectile        Hex/Tloc       90%        N/A       4%          3
 Call Canine Familiar     Summ           32%        N/A       9%          3
 Ozocubu's Armour         Ice            32%        N/A       9%          3
 Summon Guardian Golem    Hex/Summ       32%        N/A       9%          3
 Tukima's Dance           Hex            32%        N/A       9%          3
 Vampiric Draining        Necr           32%        2d8       9%          3
 Yara's Violent Unravell  Hex/Tmut       16%        3d8       21%         5
 Ice Form                 Ice/Tmut       32%        N/A       28%         4
 Leda's Liquefaction      Hex/Erth       16%        N/A       28%         4
 Agony                    Necr           32%        N/A       63%         5
 Metabolic Englaciation   Hex/Ice        16%        N/A       63%         5
 Conjure Ball Lightning   Conj/Air       57%        3x3d21    1%          6
 Starburst                Conj/Fire      42%        6d12      3%          6
 Lehudib's Crystal Spear  Conj/Erth      42%        10d10     71%         8
 Simulacrum               Ice/Necr       16%        N/A       99%         6
 Discord                  Hex            16%        N/A       100%        8
 Disjunction              Tloc           28%        N/A       100%        8


Dungeon Overview and Level Annotations

Branches:
Dungeon (15/15)            Temple (1/1) D:5            Lair (5/5) D:10
 Shoals (0/4) Lair:3       Spider (3/4) Lair:3        Slime (0/5) Lair:4
    Orc (2/2) D:12            Elf (0/3) Orc:2        Vaults (0/5) D:14
 Depths: D:15

Altars:
Ashenzari
Cheibriados
Dithmenos
Elyvilon
Fedhas
Gozag
Hepliaklqana
Kikubaaqudgha
Makhleb
Nemelex Xobeh
Okawaru
Qazlal
Ru
Sif Muna
Trog
Uskayaw
Vehumet
Wu Jian
Xom
Yredelemnul
Zin
The Shining One
Jiyva

Shops:
D:2 (   D:14 ?   Orc:1 *   Orc:2 [*=

Portals:
Pandemonium: Orc:2

Annotations:
D:5 1 runed translucent door, thurberlil's ghost, novice HuSu
Spider:3 Bai Suzhen


Innate Abilities, Weirdness & Mutations

You can breathe blasts of scalding, opaque steam.
Your pale cyan-grey scales are hard. (AC +9)
You cannot fit into any form of body armour.
You are cold-blooded and may be slowed by cold attacks.
You are immune to the effects of steam.
You are very frail. (-20% HP)


Message History

The eight-headed hydra is moderately wounded.
The eight-headed hydra bites you but does no damage.
The eight-headed hydra barely misses you.
Bai Suzhen is engulfed in freezing vapours.
You block Bai Suzhen's attack. Bai Suzhen tail-slaps you!
The 12-headed hydra is engulfed in freezing vapours.
The eight-headed hydra bites you.
The eight-headed hydra bites you but does no damage. x2
The eight-headed hydra misses you.
The eight-headed hydra barely misses you.
You block the eight-headed hydra's attack.
The eight-headed hydra bites you but does no damage.
The eight-headed hydra bites you!
Casting: Arcjolt (safe; 1% risk of failure)
Confirm with . or Enter, or press ? or * to list all spells.
You feel a surge of power!
Electricity surges outward!
The eight-headed hydra is severely wounded.
Bai Suzhen is engulfed in freezing vapours.
Bai Suzhen completely misses you.
You riposte.
You hit Bai Suzhen. You freeze Bai Suzhen.
Bai Suzhen is heavily wounded.
Bai Suzhen tail-slaps you.
The 12-headed hydra is engulfed in freezing vapours.
The eight-headed hydra bites you but does no damage.
The eight-headed hydra bites you.
You block the eight-headed hydra's attack.
The eight-headed hydra bites you but does no damage.
The eight-headed hydra bites you!
* * * LOW HITPOINT WARNING * * *
The eight-headed hydra misses you.
The eight-headed hydra bites you but does no damage.
The eight-headed hydra bites you!
* * * LOW HITPOINT WARNING * * *
Unknown command.
You feel much better.
Bai Suzhen is engulfed in freezing vapours.
Bai Suzhen roars in fury and transforms into a fierce dragon!
Bai Suzhen breathes water at you. The torrent of water hits you!!!
You die...

#....##.#.........
#...........^..#....
##................#.#..
#...#.##..§s.☼..........
#.........#§§§.... ....#
#.......§§☼§§..#..###..#
#......§D§§#....#..##...
#......§D§§#....... ##..
#.....D@§§8#......####..
#..#.............#..#..#
#.......................
###.....).#.............
#.##...................#
#..###.........^..#.#^##
#..^^.........##.####.#.
#.........##...### #...
##....#....##..# ##..


You could see Bai Suzhen (clouds, catching breath, ally target), a 12-headed
hydra (summoned), an eight-headed hydra (summoned), a jumping spider and a
friendly lightning spire (summoned).

Vanquished Creatures
  An emperor scorpion (Spider:2)
  Azrael (Orc:2)
  Josephine (D:11)
  6 entropy weavers
  A vault guard (D:14)
  Harold (D:9)
  2 hydras
  An ice dragon (Lair:5)
  A ghost crab (Spider:2)
  Erolcha (D:9)
  2 demonspawn (Orc:2)
  A catoblepas (D:13)
  A radroach (Spider:1)
  An ogre mage (Orc:1)
  A jorogumo (Spider:2)
  7 boulder beetles
  2 centaur warriors
  6 two-headed ogres
  9 orc high priests
  Amaemon (D:8)
  A goliath frog (Lair:5)
  2 pharaoh ants (Spider:2)
  2 skeletal warriors (D:14)
  6 orb spiders
  5 steelbarb worms
  A deep elf archer (D:12)
  A lindwurm (Lair:5)
  2 wizards
  12 orc knights
  3 deep elf pyromancers (D:13)
  2 necromancers (D:14)
  9 wolf spiders
  7 orc sorcerers
  4 cyclopes
  14 elephants
  2 manticores
  5 ugly things
  2 guardian serpents (D:11)
  3 black mambas
  A rust devil (Orc:2)
  13 cane toads
  An orange demon (D:9)
  A torpor snail (Spider:3)
  Maggie (D:6)
  A rime drake (Lair:4)
  4 demonic crawlers
  4 kobold demonologists
  An unseen horror (D:13)
  9 komodo dragons
  A hellwing (Orc:2)
  A meliai (Lair:3)
  6 trolls
  2 polar bears
  2 hornets
  7 tyrant leeches
  A wind drake (Lair:3)
  A slime creature (D:12)
  16 tarantellas
  13 blink frogs
  7 dream sheep
  30 jumping spiders
  16 culicivoras
  Sigmund (D:4)
  A spriggan (Lair:4)
  A spriggan (shapeshifter) (D:14)
  3 wraiths
  5 wyverns
  A shadow (D:11)
  12 humans (D:14)
  45 yaks
  4 fire elementals
  20 redbacks
  4 basilisks
  17 vampire mosquitoes
  A neqoxec (Orc:2)
  A warg (Orc:1)
  10 water moccasins
  A hell hound (Orc:2)
  A nameless horror (Lair:1)
  19 orc warriors
  2 sky beasts (D:7)
  4 black bears
  6 wolves
  9 ogres
  6 centaurs
  3 lemures (D:6)
  5 kobold brigands
  12 bullfrogs
  A necrophage (D:8)
  2 gnoll sergeants (D:9)
  3 scorpions
  12 wights
  7 killer bees
  4 electric eels
  3 jellies
  A gnoll bouda (Orc:1)
  22 orc priests
  4 hounds (D:5)
  Natasha (twice) (D:4)
  2 iguanas (D:6)
  9 orc wizards
  9 adders
  15 gnolls
  3 white imps
  2 worms (D:2)
  3 dart slugs
  64 orcs
  11 endoplasms
  A giant cockroach (D:2)
  10 goblins
  4 hobgoblins
  4 jackals (D:5)
  23 kobolds
  2 quokkas
  4 ball pythons
  5 bats
  2 frilled lizards (D:2)
  4 rats
701 creatures vanquished.

Vanquished Creatures (collateral kills)
  Gastronok (D:12)
  A vault guard (D:14)
  A centaur warrior (D:14)
  A two-headed ogre (D:10)
  A catoblepas (Lair:4)
  2 orc high priests (Orc:2)
  A skeletal warrior (D:14)
  An orb spider (Spider:1)
  2 wolf spiders
  An orc knight (Orc:2)
  10 elephants
  8 cane toads (Lair:5)
  3 komodo dragons
  Psyche (D:11)
  2 tarantellas (Spider:1)
  A polar bear (Lair:2)
  A hornet (Lair:2)
  4 blink frogs
  2 slime creatures (D:12)
  A dream sheep (Lair:5)
  3 jumping spiders (Spider:1)
  2 culicivoras (Spider:2)
  3 wraiths (D:11)
  A wyvern (Lair:5)
  A ynoxinul (Orc:2)
  12 yaks
  A basilisk (Lair:5)
  8 humans (D:14)
  A vampire mosquito (Lair:5)
  2 redbacks
  2 wargs
  A hell hound (Orc:2)
  4 water moccasins
  15 orc warriors
  2 wolves
  2 ogres
  2 kobold brigands
  7 bullfrogs
  4 killer bees (Lair:3)
  11 orc priests
  3 orc wizards
  2 gnolls (Orc:1)
  3 white imps (Lair:5)
  15 orcs
  3 kobolds
155 creatures vanquished.

Vanquished Creatures (others)
  A water moccasin (Lair:1)
  A bush (Lair:3)
  46 fungi
  252 plants
  4 toadstools (D:5)
304 creatures vanquished.

Grand Total: 1160 creatures vanquished

Notes
Turn   | Place    | Note
-------+----------+-------------------------------------------
     0 | D:1      | experimilk the Draconian Conjurer began the quest for the
                  | Orb.
     0 | D:1      | Reached XP level 1. HP: 14/14 MP: 3/3
   618 | D:2      | Reached XP level 2. HP: 20/20 MP: 1/5
   621 | D:2      | Learned a level 2 spell: Searing Ray
  1177 | D:2      | Reached skill level 5 in Conjurations
  1177 | D:2      | Reached XP level 3. HP: 26/26 MP: 2/6
  1351 | D:2      | Found Tuur Wyonur's Antique Weapon Shoppe.
  2001 | D:3      | Reached XP level 4. HP: 33/33 MP: 2/7
  2056 | D:3      | Noticed a water moccasin
  2076 | D:3      | Killed a water moccasin
  2077 | D:3      | Reached XP level 5. HP: 31/38 MP: 0/8
  3319 | D:4      | Noticed a black bear
  3324 | D:4      | Noticed Natasha
  3328 | D:4      | Killed a black bear
  3329 | D:4      | Reached XP level 6. HP: 33/45 MP: 1/9
  3333 | D:4      | Killed Natasha
  3340 | D:4      | Noticed Sigmund
  3367 | D:4      | Killed Sigmund
  3743 | D:4      | Your scales start taking on a pale cyan-grey colour.
  3743 | D:4      | Reached XP level 7. HP: 47/50 MP: 0/10
  3743 | D:4      | Gained mutation: You are immune to the effects of steam.
                  | [Pale Draconian growth]
  3814 | D:4      | Noticed Natasha
  3816 | D:4      | Killed Natasha
  3994 | D:4      | Identified the +7 hand axe of Honesty {vorpal, Contam
                  | Will+++ Int+2 Dex+3}
  4063 | D:4      | Identified the +1 helmet of Monkuop {MP+9 Str+4}
  4450 | D:5      | Entered Level 5 of the Dungeon
  4490 | D:5      | Found a staircase to the Ecumenical Temple.
  4503 | Temple   | Entered the Ecumenical Temple
  4533 | Temple   | Became a worshipper of Vehumet
  4539 | Temple   | Learned a level 4 spell: Iskenderun's Mystic Blast
  4541 | Temple   | Learned a level 1 spell: Apportation
  5108 | D:5      | Reached skill level 1 in Translocations
  5570 | D:5      | Found a runed translucent door.
  5574 | D:5      | Noticed thurberlil's ghost (novice HuSu)
  5794 | D:5      | Identified the +1 robe of the Lily {Regen+}
  5943 | D:6      | Reached XP level 8. HP: 35/57 MP: 0/12
  6564 | D:6      | Noticed Maggie
  6588 | D:6      | Killed Maggie
  6589 | D:6      | Reached skill level 10 in Conjurations
  6851 | D:6      | Identified the +7 dagger "Laheumi" {freeze, rElec rC+ rN+}
  7311 | D:7      | Reached * piety under Vehumet
  7311 | D:7      | Offered knowledge of Shock by Vehumet.
  7435 | D:7      | Identified the +1 leather armour of the Mind {*Slow Fly
                  | Stlth+}
  7941 | D:7      | Found a bloodstained altar of Trog.
  8177 | D:7      | Learned a level 5 spell: Lightning Bolt
  8540 | D:7      | Reached XP level 9. HP: 62/62 MP: 6/13
  8810 | D:8      | Reached skill level 1 in Air Magic
  9135 | D:8      | Reached skill level 3 in Air Magic
  9140 | D:8      | Reached skill level 4 in Air Magic
  9282 | D:8      | Reached skill level 5 in Air Magic
  9661 | D:8      | Reached skill level 6 in Air Magic
  9810 | D:8      | Reached ** piety under Vehumet
  9825 | D:8      | Offered knowledge of Poisonous Vapours by Vehumet.
 10166 | D:8      | Reached skill level 7 in Air Magic
 10988 | D:9      | Noticed Amaemon
 10993 | D:9      | Noticed a cyclops
 11443 | D:9      | Noticed a troll
 11651 | D:9      | Noticed an orange demon
 11655 | D:8      | Killed Amaemon
 11656 | D:8      | Reached skill level 8 in Air Magic
 11656 | D:8      | Reached XP level 10. HP: 7/69 MP: 6/16
 12136 | D:8      | Reached skill level 5 in Spellcasting
 12599 | D:9      | Killed an orange demon
 12850 | D:9      | Identified the +0 chain mail of the Caustic God {Harm *Slow
                  | rC+ Int+2}
 12868 | D:9      | Noticed Erolcha
 12872 | D:9      | Killed Erolcha
 12873 | D:9      | Reached skill level 9 in Air Magic
 12876 | D:9      | Found an ancient bone altar of Kikubaaqudgha.
 13125 | D:9      | Learned a level 4 spell: Summon Lightning Spire
 13130 | D:9      | Learned a level 4 spell: Airstrike
 13163 | D:9      | Reached skill level 10 in Air Magic
 13355 | D:9      | Noticed Harold
 13360 | D:9      | Killed Harold
 13361 | D:9      | Reached skill level 11 in Air Magic
 14476 | D:10     | Entered Level 10 of the Dungeon
 14484 | D:10     | Offered knowledge of Stone Arrow by Vehumet.
 14534 | D:10     | Reached *** piety under Vehumet
 14969 | D:10     | Found a burning altar of Makhleb.
 14990 | D:10     | Found an iron altar of Okawaru.
 15152 | D:10     | Noticed a two-headed ogre
 15163 | D:10     | Killed a two-headed ogre
 15164 | D:10     | Reached XP level 11. HP: 74/74 MP: 5/20
 15383 | D:10     | Reached skill level 12 in Air Magic
 15383 | D:10     | Reached skill level 1 in Fighting
 15446 | D:10     | Noticed a two-headed ogre
 15458 | D:10     | Killed a two-headed ogre
 15459 | D:10     | Reached skill level 1 in Shields
 15735 | D:10     | Found a staircase to the Lair.
 16314 | Lair:1   | Entered Level 1 of the Lair of Beasts
 18088 | Lair:1   | Offered knowledge of Sticky Flame by Vehumet.
 19197 | Lair:1   | Identified 2 scrolls of acquirement
 19197 | Lair:1   | Acquired the +0 pair of fencer's gloves {Riposte Dex+3}
 19197 | Lair:1   | Found the +0 pair of fencer's gloves {Riposte Dex+3}
 19206 | Lair:1   | Acquired the +3 pair of mountain boots {steadfast, rC+}
 19206 | Lair:1   | Found the +3 pair of mountain boots {steadfast, rC+}
 19552 | Lair:2   | Reached skill level 13 in Air Magic
 20112 | Lair:2   | Reached XP level 12. HP: 83/83 MP: 19/25
 20386 | Lair:2   | Paralysed by a hornet for 2 turns
 22483 | Lair:2   | Reached **** piety under Vehumet
 22484 | Lair:2   | Reached skill level 14 in Air Magic
 22756 | Lair:3   | Found a hole to the Spider Nest.
 23331 | Lair:3   | Found a staircase to the Shoals.
 23625 | Lair:3   | Offered knowledge of Mephitic Cloud by Vehumet.
 23631 | Lair:3   | Learned a level 4 spell: Passage of Golubria
 24865 | Lair:4   | Reached skill level 15 in Air Magic
 25343 | Lair:4   | Noticed a catoblepas
 25525 | Lair:4   | Reached XP level 13. HP: 87/89 MP: 12/26
 25710 | Lair:4   | Found a staircase to the Slime Pits.
 25711 | Lair:4   | Found a viscous altar of Jiyva.
 26065 | Lair:5   | Entered Level 5 of the Lair of Beasts
 26847 | Lair:5   | Reached skill level 16 in Air Magic
 26981 | Lair:5   | Reached ***** piety under Vehumet
 26982 | Lair:5   | Offered knowledge of Orb of Destruction by Vehumet.
 27038 | Lair:5   | Reached skill level 15 in Conjurations
 27264 | Lair:5   | Reached skill level 17 in Air Magic
 27591 | Lair:5   | Reached skill level 10 in Spellcasting
 27591 | Lair:5   | Reached XP level 14. HP: 18/96 MP: 14/28
 27914 | Lair:5   | Learned a level 7 spell: Orb of Destruction
 28522 | Lair:5   | Identified the +2 robe of the Salamander {rElec rPois rN+
                  | Str-4}
 29502 | D:11     | Noticed Psyche
 29510 | D:11     | Killed Psyche
 29625 | D:11     | Noticed Josephine
 29633 | D:11     | Killed Josephine
 30311 | D:12     | Found a staircase to the Orcish Mines.
 30327 | D:12     | Noticed Gastronok
 30426 | D:12     | Killed Gastronok
 30759 | D:12     | Reached skill level 18 in Air Magic
 30999 | D:12     | Offered knowledge of Iron Shot by Vehumet.
 31423 | Orc:1    | Entered Level 1 of the Orcish Mines
 32359 | Orc:2    | Entered Level 2 of the Orcish Mines
 32382 | Orc:2    | Noticed Azrael
 32676 | Orc:2    | Killed Azrael
 34574 | Orc:1    | Reached XP level 15. HP: 82/102 MP: 10/31
 34751 | Orc:1    | Found Tinoah's General Store.
 34781 | Orc:1    | Bought a scroll of identify for 30 gold pieces
 35652 | Orc:2    | Paralysed by an orc sorcerer for 2 turns
 35827 | Orc:2    | Found a staircase to the Elven Halls.
 35869 | Orc:2    | Reached ****** piety under Vehumet
 35981 | Orc:2    | Gained mutation: You are frail. (-10% HP) [a neqoxec]
 35982 | Orc:2    | Gained mutation: You are very frail. (-20% HP) [a neqoxec]
 36121 | Orc:2    | Found Ypotuso's General Store.
 36164 | Orc:2    | Offered knowledge of Arcjolt by Vehumet.
 36181 | Orc:2    | Found Ipiastreika's Magic Scroll Shoppe.
 36660 | Orc:2    | Learned a level 5 spell: Arcjolt
 37092 | Orc:2    | Found Anolut's Antique Armour Boutique.
 37092 | Orc:2    | Found Leifeen's Jewellery Shop.
 37092 | Orc:2    | Found a one-way gate leading to the halls of Pandemonium.
 37100 | Orc:2    | Bought the ring "Yqurphig" {rF+ rC+ Will+ rCorr} for 753
                  | gold pieces
 37133 | Orc:2    | Bought a scroll of magic mapping for 97 gold pieces
 37133 | Orc:2    | Bought a scroll of identify for 26 gold pieces
 37133 | Orc:2    | Bought a scroll of acquirement for 676 gold pieces
 37133 | Orc:2    | Bought a scroll of immolation for 52 gold pieces
 37133 | Orc:2    | Bought a scroll of enchant weapon for 97 gold pieces
 37133 | Orc:2    | Bought a scroll of identify for 26 gold pieces
 37133 | Orc:2    | Bought a scroll of teleportation for 39 gold pieces
 37133 | Orc:2    | Bought a scroll of identify for 26 gold pieces
 37133 | Orc:2    | Bought a scroll of butterflies for 52 gold pieces
 37134 | Orc:2    | Acquired the +0 buckler of Puumogh {Regen+ rCorr Dex+3}
 38980 | D:14     | Reached skill level 19 in Air Magic
 39071 | D:14     | Offered knowledge of Freezing Cloud by Vehumet.
 39134 | D:14     | Learned a level 5 spell: Freezing Cloud
 39228 | D:14     | Identified the +0 leather armour of Zepy {MP+9}
 39468 | D:14     | Identified the +0 scale mail "Oneanisy" {Stlth+}
 39504 | D:14     | Found Muposis's Magic Scroll Shoppe.
 39552 | D:14     | Bought a scroll of butterflies for 48 gold pieces
 39552 | D:14     | Bought a scroll of blinking for 90 gold pieces
 39552 | D:14     | Bought a scroll of enchant weapon for 90 gold pieces
 39552 | D:14     | Bought a scroll of teleportation for 36 gold pieces
 39552 | D:14     | Bought a scroll of blinking for 90 gold pieces
 39552 | D:14     | Bought a scroll of identify for 24 gold pieces
 39683 | D:14     | Found a gate to the Vaults.
 40350 | Spider:1 | Entered Level 1 of the Spider Nest
 41095 | Spider:1 | Reached XP level 16. HP: 86/86 MP: 33/33
 41882 | Spider:1 | Identified the +3 chain mail "Siunusass" {rElec MP-9 Int+9
                  | Dex-2}
 42270 | Spider:1 | Offered knowledge of Iskenderun's Battlesphere by Vehumet.
 43085 | D:15     | Entered Level 15 of the Dungeon
 45713 | Spider:3 | Noticed Bai Suzhen
 45841 | Spider:3 | Reached skill level 20 in Air Magic
 46382 | Spider:3 | Offered knowledge of Lee's Rapid Deconstruction by Vehumet.
 47436 | Spider:3 | Identified the +7 war axe of Living Integrity {vorpal, rN+}
 47446 | Spider:3 | Reached skill level 15 in Spellcasting
 47459 | Spider:3 | Killed from afar by Bai Suzhen

Illustrated notes

Levels and vault maps discovered:
D:1:      tarquinn_simple_flora_water_a, layout_basic, minivault_4
D:2:      wander_river, layout_basic, serial_shops, shop
D:3:      layout_basic, grunt_ministairs_9
D:4:      layout_loops_ring, uniq_sigmund, uniq_natasha
D:5:      layout_loops_ring, minmay_temple_entry_stoned_glass,
          ebering_ghost_inner_flame, minmay_gold_behind_fungi,
          dreamdust_gnoll_farm
D:6:      layout_rooms, grunt_ministairs_4, uniq_maggie, uniq_pikel
D:7:      layout_layer_cave, trog_hazing_becter
D:8:      layout_loops_ring
D:9:      layout_loops_ring, lemuel_crystal_altar, uniq_harold, uniq_amaemon,
          uniq_erolcha
D:10:     layout_loops_corners, mainiacjoe_overflow_large_starburst,
          lair_entry_dummy
D:11:     nrook_guardian_serpent_snake_passage, layout_loops_ring,
          nicolae_kite_square_tiling_tiny,
          hangedman_abyss_or_decor_jellyfish_corner, uniq_psyche, uniq_josephine
D:12:     layout_roguey, orc_0_dummy, special_room [special_room_orc],
          uniq_gastronok
D:13:     layout_irregular_city
D:14:     layout_cross, grunt_vaults_entry_tiered, serial_shops, shop,
          amcnicky_mini_rare_corridor_liquid
D:15:     gammafunk_enter_depths_forms, layout_small_grid,
          minmay_misc_feat_hallway
Temple:   compressed_dpeg_circular_temple
Lair:1:   layout_cellular_growth, nicolae_quartered_pool_super, minivault_11,
          lemuel_old_faithful, grunt_megastairs_5
Lair:2:   layout_regular_city, st_stairs_3
Lair:3:   layout_long_grid, minmay_shoals_entry_beasts,
          hellmonk_spider_entry_not_the_bees
Lair:4:   layout_cave_shapes, nicolae_slime_entry_slimehenge, serial_forest,
          infiniplex_forest_split, infiniplex_forest_clump_small,
          infiniplex_forest_end_3, infiniplex_forest_lined_4_way,
          infiniplex_forest_lined_room_2, infiniplex_forest_split,
          infiniplex_forest_straight_4, chequers_serial_rivers_small_a,
          grunt_forest_stairs_clearing, serial_bayou_shore_b
Lair:5:   minmay_lair_end_frog_pond, layout_regular_city, st_stairs_3,
          bobbens_ice_dragon_lair
Spider:1: nicolae_spider_jumping_over_cracks [nicolae_spider_jumping_sub_lanes,
          nicolae_spider_jumping_sub_plain, nicolae_spider_jumping_sub_moat,
          nicolae_spider_jumping_sub_rim], nicolae_spider_orb_run
Spider:2: layout_spider_delve, nicolae_spider_swamp_cousins
Spider:3: layout_spider_delve, uniq_bai_suzhen
Orc:1:    layout_diamond_mine, guppyfry_orc_lava_fort
Orc:2:    pf_orc_diabolical, layout_caves, basic_altar, mines1_david,
          uniq_azrael

Skill      XL: |  1  2  3  4  5  6  7  8  9 10 11 12 13 14 15 16 |
---------------+-------------------------------------------------+-----
Conjurations   | 5 6 7 8 9 11 12 13 15 17 18 | 18.0
Translocations | 3 |  3.0
Spellcasting   | 3 4 6 9 10 12 13 15 | 15.0
Air Magic      | 8 11 13 15 17 18 19 20 | 20.3
Fighting       | 1 |  1.1
Shields        | 3 |  3.0
Dodging        | 3 |  3.0
Stealth        | |  1.7

Action                   |  1- 3 |  4- 6 |  7- 9 | 10-12 | 13-15 | 16-18 || total
-------------------------+-------+-------+-------+-------+-------+-------++-------
Melee: Whip              |     7 |    14 |    14 |       |       |       ||    35
       Punch             |       |     1 |       |       |       |       ||     1
       Tailslap          |       |     1 |     6 |    22 |    34 |    12 ||    75
       Dagger            |       |       |    23 |    99 |    72 |    43 ||   237
       Scimitar          |       |       |       |       |    55 |       ||    55
 Cast: Magic Dart        |    47 |    49 |    69 |    85 |   263 |    21 ||   534
       Searing Ray       |     6 |     7 |    42 |    18 |     5 |       ||    78
       Iskenderun's Myst |       |       |     8 |    31 |    70 |    42 ||   151
       Lightning Bolt    |       |       |     6 |    77 |   171 |    24 ||   278
       Summon Lightning  |       |       |       |    61 |   108 |    38 ||   207
       Airstrike         |       |       |       |    42 |    69 |       ||   111
       Passage of Golubr |       |       |       |     3 |     2 |       ||     5
       Orb of Destructio |       |       |       |       |    68 |    64 ||   132
       Arcjolt           |       |       |       |       |    19 |    47 ||    66
       Freezing Cloud    |       |       |       |       |    19 |    16 ||    35
 Abil: Breathe Steam     |       |       |    20 |    29 |    41 |     4 ||    94
Evoke: Wand              |       |       |     1 |     7 |     9 |       ||    17
       Tin of tremorston |       |       |       |     2 |     4 |     1 ||     7
  Use: Scroll            |       |     3 |     8 |    16 |    17 |     3 ||    47
       Potion            |       |       |     2 |     3 |     9 |    10 ||    24
 Stab: Distracted        |       |       |       |     2 |     1 |       ||     3
Armor: Skin              |     4 |     6 |    50 |   100 |   226 |   108 ||   494
Dodge: Dodged            |     4 |    20 |    40 |   119 |   186 |    83 ||   452
Block: Buckler           |       |       |    14 |    25 |    57 |    43 ||   139
       Rpst.: Dagger     |       |       |       |    25 |    20 |    25 ||    70
       Scimitar          |       |       |       |       |    26 |     2 ||    28

Table legend: (Time is in decaauts)
 A = Elapsed time spent in this place.
 B = Non-inter-level travel time spent in this place.
 C = Inter-level travel time spent in this place.
 D = Time resting spent in this place.
 E = Time spent auto-exploring this place.
 F = Levels seen in this place.
 G = Mean time per level.
                   A        B        C        D        E       F      G
               +--------+--------+--------+--------+--------+-----+--------+
         Total |  47610 |  45161 |   2449 |  24060 |  12415 |  26 | 1831.2 |
       Dungeon |  22072 |  20793 |   1279 |   8708 |   9307 |  15 | 1471.5 |
        Temple |    111 |     93 |     18 |      0 |     57 |   1 |  111.0 |
          Lair |  13367 |  12753 |    614 |   8122 |   1976 |   5 | 2673.4 |
   Spider Nest |   6026 |   5709 |    317 |   3757 |    341 |   3 | 2008.7 |
  Orcish Mines |   6031 |   5812 |    219 |   3473 |    734 |   2 | 3015.5 |
               +--------+--------+--------+--------+--------+-----+--------+

Top non-repeatable levels by time:
   Orc:2: 4199 daAuts
     D:8: 3304 daAuts
  Lair:3: 3289 daAuts
Spider:2: 2988 daAuts
  Lair:2: 2946 daAuts
  Lair:1: 2895 daAuts
     D:9: 2498 daAuts
  Lair:5: 2186 daAuts
  Lair:4: 2048 daAuts
    D:10: 2009 daAuts
     D:7: 1879 daAuts
Spider:1: 1863 daAuts
   Orc:1: 1831 daAuts
    D:12: 1494 daAuts
     D:5: 1429 daAuts
